 Dungeon Crawl Stone Soup version 0.25-a0-651-g8c222c7a2b (webtiles) character file.

Game seed: 14957202135732194180, levelgen mode: deterministic

11 CryoSword the Ruffian (level 2, 0/23 HPs)
             Began as a Draconian Transmuter on Mar 22, 2020.
             Succumbed to an adder's poison
             ... on level 2 of the Dungeon.
             The game lasted 00:01:20 (1218 turns).

CryoSword the Ruffian (Draconian Transmuter)        Turns: 1218, Time: 00:01:22

Health: 0/23       AC:  6    Str: 12    XL:     2   Next: 13%
Magic:  5/5        EV: 12    Int: 13    God:
Gold:   62         SH:  0    Dex: 11    Spells: 4/5 levels left

rFire    . . .     SeeInvis .     - Unarmed
rCold    . . .     Gourm    .   (no shield)
rNeg     . . .     Faith    .   (armour unavailable)
rPois    .         Spirit   .   (helmet restricted)
rElec    .         Reflect  .   i - +1 cloak
rCorr    .         Harm     .   (no gloves)
MR       .....                  (no boots)
Stlth    +.........             (no amulet)
HPRegen  0.07/turn              (no ring)
MPRegen  0.09/turn              (no ring)

@: lethally poisoned (0 -> -7)
A: unfitting armour, cold-blooded, AC +4
a: no special abilities


You were on level 2 of the Dungeon.
You were very hungry.

You visited 1 branch of the dungeon, and saw 2 of its levels.

You collected 62 gold pieces.

Inventory:

Missiles
 a - 35 arrows
 f - 59 stones (quivered)
Armour
 i - a +1 cloak (worn)
   (You found it on level 1 of the Dungeon)
Jewellery
 d - an uncursed ring of positive energy {unknown}
   (You found it on level 1 of the Dungeon)
Scrolls
 e - 2 scrolls of identify {unknown}
 g - 2 scrolls of remove curse {unknown}
Potions
 b - 2 potions of cancellation
Comestibles
 c - 3 rations {!d}


   Skills:
 - Level 1.1 Fighting
 - Level 1.7 Dodging
 + Level 3.2 Unarmed Combat
 - Level 2.0 Spellcasting
 * Level 2.6 Transmutations


You had 4 spell levels left.
You knew the following spells:

 Your Spells              Type           Power        Failure   Level  Hunger
a - Beastly Appendage     Tmut           #.....       9%          1    ##.....

Your spell library contained the following spells:

 Spells                   Type           Power        Failure   Level  Hunger
 Sticks to Snakes         Tmut           #.......     13%         2    ###....
 Spider Form              Tmut/Pois      #.........   41%         3    ####...
 Ice Form                 Ice/Tmut       #.......     83%         4    #####..
 Blade Hands              Tmut           #.........   94%         5    ######.


Dungeon Overview and Level Annotations

Branches:
Dungeon (2/15)

Altars:


Innate Abilities, Weirdness & Mutations

Your plain brown scales are hard. (AC +4)
You cannot fit into any form of body armour.
You are cold-blooded and may be slowed by cold attacks.


Message History

The bat is moderately wounded.
The bat misses you.
You miss the bat. You claw the bat.
You kill the bat!
You have reached level 2!
You closely miss the kobold. You claw the kobold.
The kobold is moderately wounded.
The kobold hits you.
You hit the kobold. Your kick misses the kobold.
Your tail-slap misses the kobold.
The kobold is severely wounded.
Your talons disappear.
The kobold hits you but does no damage.
You hit the kobold but do no damage.
The kobold is severely wounded.
The kobold completely misses you.
You closely miss the kobold.
Your tail-slap misses the kobold.
The kobold is severely wounded.
The kobold barely misses you.
Your magical contamination has completely faded away.
You closely miss the kobold.
You tail-slap the kobold, but do no damage.
The kobold is severely wounded.
The kobold hits you.
You hit the kobold.
You kill the kobold!
You hit the goblin but do no damage.
The goblin is moderately wounded.
The goblin hits you but does no damage.
You closely miss the goblin.
The goblin is moderately wounded.
The goblin misses you.
You completely miss the goblin.
The goblin is moderately wounded.
The goblin hits you but does no damage.
You hit the goblin.
You kill the goblin!
You miss the goblin. You barely miss the goblin. The goblin hits you.
You barely miss the goblin.
Your tail-slap misses the goblin.
The goblin hits you.
You hit the goblin.
Your tail-slap misses the goblin.
The goblin is moderately wounded.
The goblin completely misses you.
You barely miss the goblin.
The goblin is moderately wounded.
The goblin closely misses you.
You closely miss the goblin.
The goblin is moderately wounded.
The goblin closely misses you.
You hit the goblin.
The goblin is severely wounded.
The goblin hits you but does no damage.
You hit the goblin.
You kill the goblin!
You now have 50 gold pieces (gained 13).
You see here a kobold corpse.
You see here a kobold corpse.
You see here a kobold corpse.
You butcher the frilled lizard corpse.
i - a chunk of flesh You see here a frilled lizard skeleton. x2
Found a chain mail.
Found a hunting sling.
You now have 55 gold pieces (gained 5).
Found a stone staircase leading down.
There is a stone staircase leading down here.
All of the chunks of flesh in your inventory have rotted away.
You now have 62 gold pieces (gained 7).
You are feeling hungry.
You see here a ring mail.
Done exploring.
Done exploring.
Done exploring.
Search for what [? for help]? .
You see here a ring mail.
You see here a glowing cloak.
i - a glowing cloak
Okay, then.
You start putting on your armour.
You continue putting on your glowing cloak. x4
You finish putting on your +1 cloak.
Done exploring.
Done exploring.
There is a stone staircase leading down here.
You climb downwards.
There is a stone staircase leading up here.
Found a stone staircase leading down.
b - 3 lumpy dark potions (gained 1)
An adder comes into view.
Found a buckler.
An adder is nearby!
Casting: Beastly Appendage (safe; 9% risk of failure)
Confirm with . or Enter, or press ? or * to list all spells.
You grow a pair of large bovine horns.
The adder hisses angrily.
Your transformation is almost over.
The adder bites you.
You closely miss the adder. The adder bites you.
You are poisoned.
The adder poisons you!
You feel sick. The adder bites you.
Memorise Sticks to Snakes, consuming 2 spell levels and leaving 2?
The adder bites you but does no damage.
Your memorisation is interrupted.
Casting: Beastly Appendage (safe; 9% risk of failure)
Confirm with . or Enter, or press ? or * to list all spells.
You don't know that spell.
Memorise Sticks to Snakes, consuming 2 spell levels and leaving 2?
You are feeling very hungry.
You feel sick. The adder bites you.
Your memorisation is interrupted.
You are more poisoned.
The adder poisons you!
Casting: Beastly Appendage (safe; 9% risk of failure)
Confirm with . or Enter, or press ? or * to list all spells.
You don't know that spell.
It was a potion of cancellation.
Your magical effects are unravelling.
You feel magically purged.
Your horns disappear.
You feel sick. The adder closely misses you. The adder bites you.
* * * LOW HITPOINT WARNING * * *
It was a potion of magic.
Magic courses through your body. The adder barely misses you.
You hit the adder.
The adder is lightly wounded.
* * * LOW HITPOINT WARNING * * *
You feel sick. The adder closely misses you.
You barely miss the adder.
The adder is lightly wounded.
The adder bites you.
* * * LOW HITPOINT WARNING * * *
You are more poisoned.
The adder poisons you! The adder bites you.
* * * LOW HITPOINT WARNING * * *
Unknown command.
Unknown command.
Unknown command.
Unknown command.
Unknown command.
* * * LOW HITPOINT WARNING * * *
You feel sick. The adder bites you but does no damage.
* * * LOW HITPOINT WARNING * * *
You feel sick. The adder closely misses you.
* * * LOW HITPOINT WARNING * * *
You feel sick. The adder barely misses you.
The adder bites you but does no damage. The adder closely misses you.
* * * LOW HITPOINT WARNING * * *
You feel sick. The adder closely misses you. The adder barely misses you.
You die...

#################################
......>..........S...............
..####..........@############....
..# #.................. ... ..#
#.......###.####### .[ ..#
#.......# #........ .
..####..#..#.# #########
........#..#.# #..........#.#
...######..#.. ......# #..###


You could see an adder.

Vanquished Creatures
  A bat (D:1)
  A giant cockroach (D:1)
  2 goblins (D:1)
  A hobgoblin (D:1)
  A frilled lizard (D:1)
  4 kobolds (D:1)
  A rat (D:1)
11 creatures vanquished.

Notes
Turn   | Place    | Note
-------+----------+-------------------------------------------
     0 | D:1      | CryoSword the Draconian Transmuter began the quest for the
                  | Orb.
     0 | D:1      | Reached XP level 1. HP: 16/16 MP: 3/3
   777 | D:1      | Reached XP level 2. HP: 16/23 MP: 3/5
  1216 | D:2      | HP: 1/23 [poisoned by an adder]
  1218 | D:2      | Succumbed to an adder's poison

Levels and vault maps discovered:
D:1:      co_arrival_square_in_a_square_in_a_square, layout_loops_ring,
          minmay_pentomino_s4
D:2:      layout_basic, chequers_serial_rivers_small_b, uniq_robin

Action                   || total
-------------------------++-------
Melee: Unarmed           ||    51
       Kick              ||     5
       Tailslap          ||     3
 Cast: Beastly Appendage ||     6
  Use: Potion            ||     2
 Stab: Sleeping          ||     1
Armor: Skin              ||    19
Dodge: Dodged            ||    33

Table legend:
 A = Non-vault XP
 B = Vault XP
 C = Vault XP percentage of total XP
 D = Non-vault monster count
 E = Vault monster count
 F = Vault count percentage of total count
                 A         B        C        D         E       F
            +---------+---------+-------+---------+---------+-------
      Total |       9 |       7 |  43.8 |       6 |       5 |  45.5
            +---------+---------+-------+---------+---------+-------
        D:1 |       9 |       7 |  43.8 |       6 |       5 |  45.5
            +---------+---------+-------+---------+---------+-------
